 Dungeon Crawl Stone Soup version 0.21.0-22-g11d5b5247c (webtiles) character file.

45482 Kenran the Grappler (level 14, -7/110 HPs)
             Began as a Demonspawn Gladiator on Jan 18, 2018.
             Was the Champion of Makhleb.
             Mangled by a blink frog (12 damage)
             ... on level 6 of the Lair of Beasts.
             The game lasted 00:56:22 (25756 turns).

Kenran the Grappler (Demonspawn Gladiator)         Turns: 25756, Time: 00:56:23

Health: -7/110     AC: 23    Str: 19    XL:     14   Next: 1%
Magic:  21/21      EV:  6    Int: 11    God:    Makhleb [******]
Gold:   1123       SH: 11    Dex: 14    Spells: 11/13 levels left

rFire    . . .     SeeInvis +     - Unarmed
rCold    + . .     Gourm    .   a - +0 shield
rNeg     . . .     Faith    +   C - +0 plate armour
rPois    +         Spirit   .   (helmet unavailable)
rElec    .         Reflect  .   b - +2 cloak {rPois}
rCorr    .         Harm     .   w - +0 pair of gloves
MR       +....                  (no boots)
Stlth    ..........             k - amulet of Understanding {Faith rC+}
HPRegen  0.28/turn              F - +2 ring of slaying
MPRegen  0.17/turn              K - ring of stealth

@: no status effects
A: antennae 3, slimy green scales 2, foul stench 1, nightstalker 2, rot immunity
a: Minor Destruction, Lesser Servant of Makhleb, Major Destruction, Greater
Servant of Makhleb, Renounce Religion


You were on level 6 of the Lair of Beasts.
You worshipped Makhleb.
Makhleb was exalted by your worship.
You were not hungry.

You visited 2 branches of the dungeon, and saw 17 of its levels.

You collected 1123 gold pieces.

Inventory:

Missiles
 c - 2 throwing nets
 e - 462 stones (quivered)
Armour
 a - a +0 shield (worn)
 b - a +2 cloak of poison resistance (worn)
 w - a +0 pair of gloves (worn)
 C - a +0 plate armour (worn)
Jewellery
 i - an uncursed ring of protection from magic
 k - the amulet of Understanding (around neck) {Faith rC+}
   (You found it on level 7 of the Dungeon)

   [amulet of faith]

   It allows you to gain divine favour quickly.
   It protects you from cold.
 F - a +2 ring of slaying (left hand)
 K - a ring of stealth (right hand)
Wands
 h - a wand of scattershot (5)
 o - a wand of iceblast (16)
 v - a wand of flame (49)
 x - a wand of acid (27)
 y - a wand of paralysis (20)
Scrolls
 f - 5 scrolls of teleportation {@r4}
 g - a scroll of blinking {@r3}
 l - 3 scrolls of immolation {!r}
 m - 4 scrolls of magic mapping
 n - 7 scrolls of remove curse {@r2}
 q - 3 scrolls of fear
 r - 2 scrolls of amnesia
 s - 2 scrolls of enchant armour
 B - 3 scrolls of fog
Potions
 j - a potion of haste {unknown}
 p - 2 potions of flight
 t - 2 potions of mutation {!q}
 u - 4 potions of brilliance
 z - 2 potions of curing {@q1}
 D - a potion of cancellation {unknown}
 E - 3 potions of heal wounds {@q2}
 G - a potion of ambrosia
 H - a potion of magic
 L - a potion of resistance {unknown}
Comestibles
 d - 21 rations
 J - 7 chunks of flesh


   Skills:
 - Level 10.3 Fighting
 - Level 1.7 Throwing
 - Level 11.0 Armour
 - Level 2.6 Dodging
 + Level 7.6 Shields
 - Level 14.0 Unarmed Combat
 - Level 9.5 Invocations
 - Level 2.3 Evocations


You had 11 spell levels left.
You knew the following spells:

 Your Spells              Type           Power        Failure   Level  Hunger
a - Blink                 Tloc           N/A          100%        2    ###....


Dungeon Overview and Level Annotations

Branches:
Dungeon (11/15)            Temple (0/1) D:5            Lair (6/6) D:10
 Shoals (0/4) Lair:3       Spider (0/4) Lair:2        Slime (0/5) Lair:5
    Orc: D:9-12

Altars:
Fedhas
Makhleb
Nemelex Xobeh
Wu Jian
Jiyva

Annotations:
D:3 1 runed door
D:8 kickasso's ghost, novice DDFi
Lair:4 exclusion: oklob plant


Innate Abilities, Weirdness & Mutations

You have a pair of large antennae on your head. (SInv)
You are mostly covered in slimy green scales. (AC +3)
You may emit foul miasma when damaged in melee.
You are significantly more attuned to the shadows.
You are immune to rotting.


Message History

You closely miss the blink frog.
The blink frog is severely wounded.
The blink frog blinks!
The blink frog hits you!
* * * LOW HITPOINT WARNING * * *
You emit a cloud of foul miasma!
You pummel the blink frog!!
You kill the blink frog!
Makhleb accepts your kill.
The blink frog blinks!
Things that are here:
a blink frog corpse; a bullfrog skeleton You see here a yak corpse.
Your neqoxec closely misses the blink frog.
You hit the blink frog.
The blink frog is moderately wounded.
Your neqoxec closely misses the blink frog.
You hit the blink frog.
The blink frog is heavily wounded.
The blink frog hits you!
You die...

....≈..#..# { .#...#...##
..#.......### P.##.P..P..P#
P..##...P..## ###
.P#.##......######.#
P###.....{....##...#
####P..(#....§†3...##
..###†......{†#F@...### #####
.####.........##....#P####.#.##
...........######.......###...#
.......PP######.............###
.........# #.#....#....#.##.#
.....#..## ##...##.##.#.#####
.....#### ##..#####...# .....#
##.#####..## .....# ##..#.#..##


You could see a blink frog and a friendly neqoxec.

Vanquished Creatures
  The ghost of TheWayOfAllFlesh the Spear-Bearer, a journeyman FoAK of Lugonu (Lair:5)
  2 hydras
  Erolcha (D:11)
  Erica (D:7)
  4 two-headed ogres
  A centaur warrior (D:9)
  The ghost of kickasso the Shield-Bearer, a novice DDFi of Makhleb (D:6)
  5 elephants
  4 black mambas
  Psyche (D:8)
  19 spiny frogs
  7 komodo dragons
  2 rime drakes
  2 trolls (D:9)
  Grinder (D:6)
  6 polar bears (Lair:5)
  Prince Ribbit (D:7)
  6 hippogriffs
  The ghost of nubinia the Chiller, an amateur GnIE of Uskayaw (D:4)
  2 hornets
  37 blink frogs
  7 dream sheep (Lair:5)
  A spriggan (D:7)
  Eustachio (D:5)
  17 yaks
  A basilisk (Lair:2)
  2 steam dragons
  5 vampire mosquitoes (Lair:6)
  3 wargs (D:10)
  10 water moccasins
  12 porcupines
  4 ice beasts
  4 orc warriors
  A sky beast (D:9)
  2 black bears
  A phantom (D:8)
  8 wolves
  3 ogres
  8 centaurs
  8 crocodiles
  Blork the orc (D:6)
  A big kobold (D:9)
  A gnoll sergeant (D:9)
  19 bullfrogs
  A water moccasin zombie (D:5)
  4 scorpions
  46 killer bees
  A howler monkey (D:9)
  An electric eel (Lair:6)
  7 wights (D:10)
  3 crimson imps
  2 centaur zombies
  3 bullfrog skeletons
  5 hounds
  2 jellies
  7 orc priests
  8 orc wizards
  5 iguanas
  6 worker ants
  A hound zombie (D:9)
  A hound skeleton (D:4)
  A howler monkey zombie (D:10)
  2 worker ant zombies
  8 adders
  A howler monkey skeleton (D:4)
  9 gnolls (D:9)
  A shadow imp (D:8)
  An ooze (D:1)
  2 worms
  An adder skeleton (D:6)
  An adder zombie (D:7)
  7 dart slugs
  3 leopard geckos
  28 orcs
  2 ball pythons
  8 bats
  A giant cockroach (D:1)
  8 goblins
  9 hobgoblins
  4 jackals
  A quokka (D:8)
  7 frilled lizards
  A jackal zombie (D:5)
  11 kobolds
  A quokka skeleton (D:4)
  5 rats
  A bush (D:5)
  2 fungi (Lair:6)
  A plant (D:5)
455 creatures vanquished.

Vanquished Creatures (collateral kills)
  A blink frog (Lair:5)
  A porcupine (Lair:5)
  A bullfrog (Lair:5)
  3 killer bees (Lair:3)
6 creatures vanquished.

Vanquished Creatures (others)
  2 killer bees (Lair:3)
  18 fungi
  45 plants
65 creatures vanquished.

Grand Total: 526 creatures vanquished

Notes
Turn   | Place    | Note
-------+----------+-------------------------------------------
     0 | D:1      | Kenran the Demonspawn Gladiator began the quest for the Orb.
     0 | D:1      | Reached XP level 1. HP: 16/16 MP: 1/1
   101 | D:1      | Reached skill level 3 in Unarmed Combat
   226 | D:1      | Gained mutation: You are immune to rotting. [demonic ancestry]
   226 | D:1      | Reached XP level 2. HP: 22/22 MP: 2/2
   861 | D:1      | Gained mutation: You may emit foul miasma when damaged in melee. [demonic ancestry]
   861 | D:1      | Reached XP level 3. HP: 27/27 MP: 3/3
   916 | D:1      | Reached skill level 4 in Unarmed Combat
  2020 | D:3      | Noticed an ogre
  2219 | D:4      | Reached XP level 4. HP: 33/33 MP: 4/4
  2228 | D:4      | Noticed nubinia's ghost (amateur GnIE)
  2296 | D:3      | Killed an ogre
  2296 | D:3      | Reached skill level 5 in Unarmed Combat
  2296 | D:3      | Gained mutation: You have a pair of small antennae on your head. [demonic ancestry]
  2296 | D:3      | Reached XP level 5. HP: 38/38 MP: 5/5
  2589 | D:3      | Found a runed door.
  3621 | D:4      | Reached skill level 6 in Unarmed Combat
  3764 | D:4      | Reached XP level 6. HP: 39/44 MP: 6/6
  3987 | D:4      | Killed nubinia's ghost
  3987 | D:4      | Reached skill level 7 in Unarmed Combat
  4147 | D:4      | Gained mutation: You have a pair of antennae on your head. [demonic ancestry]
  4147 | D:4      | Reached XP level 7. HP: 14/50 MP: 7/7
  4700 | D:4      | You fall through a shaft!
  4700 | D:5      | Entered Level 5 of the Dungeon
  4710 | D:5      | Noticed Eustachio
  4907 | D:5      | Killed Eustachio
  4907 | D:5      | Reached skill level 8 in Unarmed Combat
  5017 | D:5      | Found a sparkling altar of Nemelex Xobeh.
  5114 | D:5      | Found a blossoming altar of Fedhas.
  5251 | D:5      | Found an ornate altar of the Wu Jian Council.
  5253 | D:5      | Found a sparkling altar of Nemelex Xobeh.
  5275 | D:5      | Found a burning altar of Makhleb.
  5289 | D:5      | Became a worshipper of Makhleb the Destroyer
  5394 | D:5      | Found a staircase to the Ecumenical Temple.
  5478 | D:5      | Reached skill level 1 in Armour
  6514 | D:6      | Noticed kickasso's ghost (novice DDFi)
  7011 | D:6      | Gained mutation: You are slightly more attuned to the shadows. [demonic ancestry]
  7011 | D:6      | Reached XP level 8. HP: 56/60 MP: 8/8
  7967 | D:6      | Reached skill level 5 in Fighting
  7976 | D:6      | Noticed Blork the orc
  7997 | D:6      | Killed Blork the orc
  8036 | D:6      | Noticed Grinder
  8251 | D:6      | Killed kickasso's ghost
  8251 | D:6      | Reached skill level 5 in Armour
  8251 | D:6      | Reached XP level 9. HP: 14/70 MP: 9/9
  8599 | D:6      | Killed Grinder
  9177 | D:7      | Reached * piety under Makhleb
  9232 | D:7      | Reached skill level 9 in Unarmed Combat
  9340 | D:7      | Noticed Prince Ribbit
  9577 | D:7      | Got a bound sapphire amulet
  9928 | D:8      | Noticed Psyche
  9931 | D:8      | Reached skill level 1 in Invocations
 10201 | D:8      | Killed Psyche
 10206 | D:8      | Noticed Erica
 10443 | D:7      | Killed Erica
 10443 | D:7      | Reached skill level 10 in Unarmed Combat
 10443 | D:7      | Gained mutation: You are significantly more attuned to the shadows. [demonic ancestry]
 10443 | D:7      | Reached XP level 10. HP: 57/77 MP: 11/13
 10769 | D:8      | Reached skill level 5 in Invocations
 10827 | D:8      | Noticed kickasso's ghost (novice DDFi)
 11032 | D:7      | Killed Prince Ribbit
 11547 | D:8      | Reached skill level 11 in Unarmed Combat
 11743 | D:8      | Noticed a two-headed ogre
 11776 | D:8      | Killed a two-headed ogre
 12867 | D:9      | Reached ** piety under Makhleb
 13764 | D:9      | Noticed a centaur warrior
 13859 | D:9      | Killed a centaur warrior
 13967 | D:9      | Identified the amulet of Understanding {Faith rC+} (You found it on level 7 of the Dungeon)
 13983 | D:10     | Entered Level 10 of the Dungeon
 14008 | D:10     | Reached XP level 11. HP: 84/87 MP: 16/16
 14187 | D:10     | Reached skill level 1 in Shields
 14256 | D:10     | Reached *** piety under Makhleb
 15152 | D:10     | Found a staircase to the Lair.
 15591 | D:11     | HP: 2/89 [something] (9)]
 15874 | D:10     | Reached **** piety under Makhleb
 15898 | D:11     | Noticed a two-headed ogre
 15899 | D:11     | Noticed a two-headed ogre
 15924 | D:10     | Killed a two-headed ogre
 15924 | D:10     | Reached skill level 12 in Unarmed Combat
 15977 | D:10     | Killed a two-headed ogre
 16202 | D:11     | Noticed Erolcha
 16235 | D:11     | Killed Erolcha
 16235 | D:11     | Reached skill level 5 in Shields
 16436 | D:11     | Noticed a two-headed ogre
 16448 | D:11     | Killed a two-headed ogre
 16609 | Lair:1   | Entered Level 1 of the Lair of Beasts
 17129 | Lair:1   | Gained mutation: You have a pair of large antennae on your head. (SInv) [demonic ancestry]
 17129 | Lair:1   | Reached XP level 12. HP: 95/95 MP: 17/17
 17516 | Lair:1   | Learned a level 2 spell: Blink
 17887 | Lair:2   | Found a hole to the Spider Nest.
 18417 | Lair:2   | Reached skill level 13 in Unarmed Combat
 18745 | Lair:2   | Noticed a four-headed hydra
 18753 | Lair:2   | Killed a four-headed hydra
 19322 | Lair:2   | Reached ***** piety under Makhleb
 19881 | Lair:3   | Found a staircase to the Shoals.
 20136 | Lair:3   | HP: 4/95 [poisoned by a killer bee]
 20143 | Lair:3   | HP: 4/95 [poisoned by a killer bee]
 20151 | Lair:3   | HP: 4/95 [poisoned by a killer bee]
 21587 | Lair:4   | Reached ****** piety under Makhleb
 21847 | Lair:4   | Gained mutation: You are partially covered in slimy green scales. (AC +2) [demonic ancestry]
 21847 | Lair:4   | Reached XP level 13. HP: 101/101 MP: 18/18
 22843 | Lair:5   | Noticed TheWayOfAllFlesh's ghost (journeyman FoAK)
 22887 | Lair:5   | Killed TheWayOfAllFlesh's ghost
 22887 | Lair:5   | Reached skill level 1 in Evocations
 23736 | Lair:5   | Reached skill level 10 in Fighting
 23956 | Lair:5   | Reached skill level 14 in Unarmed Combat
 24491 | Lair:5   | Reached skill level 10 in Armour
 24603 | Lair:5   | Found a viscous altar of Jiyva.
 24603 | Lair:5   | Found a staircase to the Slime Pits.
 25073 | Lair:6   | Entered Level 6 of the Lair of Beasts
 25735 | Lair:6   | HP: 4/103 [blink frog (6)]
 25746 | Lair:6   | Gained mutation: You are mostly covered in slimy green scales. (AC +3) [demonic ancestry]
 25746 | Lair:6   | Reached XP level 14. HP: 24/110 MP: 21/21
 25756 | Lair:6   | Mangled by a blink frog

Skill      XL: |  1  2  3  4  5  6  7  8  9 10 11 12 13 |
---------------+----------------------------------------+-----
Unarmed Combat | 3 4 5 6 7 8 10 11 12 13 14 | 14.0
Armour         | 2 5 9 11 | 11.0
Fighting       | 3 6 8 9 10 | 10.3
Invocations    | 4 6 9 |  9.5
Shields        | 6 7 |  7.6
Evocations     | 2 |  2.3
Throwing       | |  1.7
Dodging        | |  2.6

Action                   |  1- 3 |  4- 6 |  7- 9 | 10-12 | 13-15 || total
-------------------------+-------+-------+-------+-------+-------++-------
Melee: Unarmed           |   172 |   153 |   419 |  1183 |   559 ||  2486
       Punch             |     3 |     1 |       |       |       ||     4
Throw: Throwing net      |     1 |       |       |       |       ||     1
Invok: Lesser Servant of |       |       |       |     1 |     5 ||     6
Evoke: Wand              |       |       |       |    12 |     3 ||    15
  Use: Scroll            |     4 |     3 |     3 |     9 |     2 ||    21
       Potion            |       |     5 |     6 |     7 |     2 ||    20
 Stab: Sleeping          |     1 |       |       |       |       ||     1
       Distracted        |       |       |       |     2 |     1 ||     3
       Invisible         |       |       |       |     3 |       ||     3
  Eat: Chunk             |     4 |     2 |     9 |    26 |     6 ||    47
       Ration            |       |     1 |     4 |     3 |     2 ||    10
Armor: Leather armour    |    33 |       |       |       |       ||    33
       Chain mail        |    33 |    82 |   161 |       |       ||   276
       Skin              |       |    11 |       |       |       ||    11
       Plate armour      |       |       |    35 |   593 |   270 ||   898
Dodge: Dodged            |    94 |    40 |    61 |   196 |   136 ||   527
Block: Shield            |       |    22 |    92 |   577 |   246 ||   937
